[Event "TUR-ch Veterans 2019"]
[Site "Belek"]
[Date "2019.01.21"]
[Round "2.5"]
[White "Altinok, Metin"]
[Black "Yasin, Hur"]
[Result "0-1"]
[ECO "B20"]
[WhiteElo "1647"]
[BlackElo "2004"]
[Annotator "NA"]
[PlyCount "66"]
[EventDate "2019.01.20"]
[EventType "swiss"]
[EventCountry "TUR"]
[SourceTitle "playchess.com"]
[Source "ChessBase"]
[SourceQuality "1"]
[TimeControl "5400+30"]

1. e4 c5 2. Nf3 a6 3. a4 e6 4. Nc3 Nc6 5. Bc4 Nf6 6. d3 d5 {[%emt 0:00:30] B20: Sicilian: Unusual White 2nd moves} 7. Bb3 (7. Ba2 h6 8. O-O Be7 9. Re1 O-O 10. e5 Nd7 11. Bf4 Re8 12. Bg3 Nf8 13. h4 b6 14. Ne2 {0-1 (47) Xheladini,M (2200)-Riff,J (2506) Germany 2016}) 7... dxe4 8. Nxe4 Nxe4 9. dxe4 Qxd1+ 10. Kxd1 Na5 $146 ({Predecessor:} 10... Be7 11. Ke2 O-O 12. Rd1 e5 13. c3 Bg4 14. Be3 {0-1 (52) Kurcsics,M (2020)-Farkas,G (2141) Hungary 2017}) 11. Ba2 b5 12. Bd2 Nc6 13. Bb3 Bb7 14. axb5 axb5 15. Rxa8+ Bxa8 16. c3 Na5 17. Bc2 Nc4 18. Bc1 Bc6 19. Bd3 Nd6 20. Re1 Be7 21. Ne5 Bb7 22. Bf4 f6 23. Nf3 e5 24. Bc1 O-O 25. Ng1 Rd8 26. Kc2 c4 27. Bf1 Bxe4+ 28. Rxe4 Nxe4 29. f3 Nc5 $19 30. Ne2 Nb3 31. Ng3 Bc5 32. f4 Nxc1 33. Ne4 Nb3 0-1

[Event "TUR-ch Veterans 2019"]
[Site "Belek"]
[Date "2019.01.21"]
[Round "2.6"]
[White "Korkmaz, Turhan"]
[Black "Marthedal, Anton Mehmet Yildiz"]
[Result "1/2-1/2"]
[ECO "A57"]
[WhiteElo "1977"]
[BlackElo "1885"]
[Annotator "NA"]
[PlyCount "126"]
[EventDate "2019.01.20"]
[EventType "swiss"]
[EventCountry "TUR"]
[SourceTitle "playchess.com"]
[Source "ChessBase"]
[SourceQuality "1"]
[TimeControl "5400+30"]

1. d4 Nf6 2. c4 c5 3. d5 b5 4. b3 g6 5. Bb2 Bg7 6. e4 {[%emt 0:00:30] A57: Benko/Volga Gambit} d6 7. cxb5 O-O (7... a6 8. Nd2 O-O 9. Ngf3 axb5 10. Bxb5 Nxe4 11. Bxg7 Kxg7 12. Bc4 Nf6 13. O-O Na6 {0-1 (30) Ponomarenko,V (2183)-Moiseev,V (2405) Tula 2018}) 8. Bd3 a6 9. bxa6 Bxa6 $146 ({Predecessor:} 9... Nxa6 10. a3 Bb7 11. Nf3 Ng4 12. Bxg7 Kxg7 13. h3 Ne5 14. Nxe5 dxe5 15. Nc3 Qa5 16. Qd2 Nb4 17. Be2 Ba6 18. O-O Bxe2 19. Nxe2 Qb5 20. axb4 cxb4 {1-0 (20) Ruiz Cruz,C (1814)-Galeano Garcia,J (1545) Bogota 2018}) 10. Ne2 e6 11. O-O exd5 12. exd5 Re8 13. Ng3 Nbd7 14. Bxa6 Rxa6 15. Nc3 Qa8 16. a4 h5 17. f3 Nb6 18. Nge4 Nbxd5 19. Nxd5 Nxd5 20. Bxg7 Kxg7 21. Qd2 f5 22. Nc3 Ne3 23. Rfe1 f4 24. Ne4 Re5 25. Qc3 Kh7 (25... Nd5 $14 26. Qb2 Kh6) 26. h4 Qd8 27. Ng5+ Rxg5 28. hxg5 Qxg5 29. Rxe3 fxe3 30. Re1 d5 31. Qxe3 Qxe3+ 32. Rxe3 Kg7 33. Re5 Rd6 34. Kf2 Kf6 35. f4 Rb6 36. Rxd5 Rxb3 37. a5 c4 38. Rc5 c3 39. Ke3 c2+ 40. Kd2 Rg3 41. Kxc2 Rxg2+ 42. Kb3 Rg1 43. Rc2 Re1 44. a6 Kf5 45. Rc4 h4 46. Rb4 Ra1 47. Ra4 Rb1+ 48. Kc2 Rb8 49. Kd3 h3 50. Ke3 h2 51. Ra1 Kg4 52. a7 $19 Re8+ 53. Kf2 Rc8 54. Kg2 Ra8 55. Ra4 g5 56. fxg5+ Kxg5 57. Kxh2 Kf6 58. Kg3 Ke6 59. Kf4 Kd6 60. Kf5 Kc6 61. Ke6 Kb6 62. Kd6 Rd8+ 63. Ke7 Ra8 1/2-1/2

[Event "TUR-ch Veterans 2019"]
[Site "Belek"]
[Date "2019.01.21"]
[Round "2.7"]
[White "Cinar Corlulu, Nilufer"]
[Black "Hatipoglu, Metin"]
[Result "1/2-1/2"]
[ECO "B22"]
[WhiteElo "1970"]
[BlackElo "1680"]
[Annotator "NA"]
[PlyCount "83"]
[EventDate "2019.01.20"]
[EventType "swiss"]
[EventCountry "TUR"]
[SourceTitle "playchess.com"]
[Source "ChessBase"]
[SourceQuality "1"]
[TimeControl "5400+30"]

1. e4 c5 2. Nf3 e6 3. c3 d5 4. exd5 exd5 5. d4 Nc6 6. Bb5 a6 7. Bxc6+ {[%emt 0:00:30] B22: Sicilian: 2 c3} bxc6 8. O-O {[%emt 0:04:30] LiveBook: 9 Games} Nf6 9. Re1+ Be6 10. Qa4 $146 ({Predecessor:} 10. Ng5 Qd7 11. Qe2 cxd4 12. cxd4 Bd6 13. Nxe6 fxe6 14. Nc3 Kf7 15. Bg5 {1-0 (72) Plat,V (2567)-Valsecchi,A (2501) Katowice 2017}) 10... Qb6 11. Ng5 Kd7 12. Qc2 Re8 13. dxc5 Bxc5 14. b4 Bd6 15. Nxe6 (15. Be3 $16 Qc7 16. h3) 15... fxe6 16. Nd2 Bxh2+ 17. Kf1 Ng4 (17... Rhf8 $5 18. Nf3 Bd6 $15) 18. Nf3 Rhf8 19. Be3 Nxe3+ 20. Rxe3 Bf4 21. Re2 g6 22. Rd1 Bd6 23. Kg1 Qd8 24. Qd3 Rf4 25. Ne5+ (25. g3 $14 Rff8 26. c4) 25... Bxe5 26. Rxe5 Rxf2 27. Qxa6 Qc7 28. Rde1 Ref8 29. Rxe6 Rf1+ $1 30. Rxf1 Rxf1+ 31. Qxf1 Kxe6 32. Qe2+ Kd6 33. Qf2 Qd8 34. Qf4+ Ke6 35. Qg4+ Kf7 $16 36. Qf4+ Kg8 37. a4 Qe7 38. Qd4 Qe1+ 39. Kh2 h5 40. Qf6 Kh7 41. Qf7+ Kh6 42. Qf4+ 1/2-1/2

[Event "TUR-ch Veterans 2019"]
[Site "Belek"]
[Date "2019.01.21"]
[Round "2.8"]
[White "Oymanli, Veli"]
[Black "Aysoy, Veysi"]
[Result "0-1"]
[ECO "D02"]
[WhiteElo "1398"]
[BlackElo "1933"]
[Annotator "NA"]
[PlyCount "116"]
[EventDate "2019.01.20"]
[EventType "swiss"]
[EventCountry "TUR"]
[SourceTitle "playchess.com"]
[Source "ChessBase"]
[SourceQuality "1"]
[TimeControl "5400+30"]

1. d4 Nf6 2. Bf4 d5 3. e3 c5 4. c3 Nc6 5. Nf3 Qb6 6. Qb3 c4 7. Qxb6 axb6 8. Nbd2 b5 9. Ne5 {[%emt 0:00:30] D02: 1 d4 d5 2 Nf3 sidelines, including 2...Nf6 3 g3 and 2...Nf6 3 Bf4} (9. Be2 e6 10. O-O b4 11. Bg5 b5 12. Bxf6 gxf6 13. cxb4 Bxb4 14. a3 Bxd2 15. Nxd2 Ke7 16. Rfc1 Bd7 17. b3 {0-1 (31) Mehmeti,D (2428)-Pelletier,Y (2540) Heraklio 2017}) 9... Bf5 10. Be2 h6 11. O-O e6 12. h3 Be7 13. g4 $146 ({Predecessor:} 13. a3 Nxe5 14. dxe5 Nd7 {½-½ (33) Krastev,A (2105)-Lutz,R (1878) Willingen 2017}) 13... Bh7 14. a3 Nd7 15. Nxd7 Kxd7 16. Nf3 f6 17. Nd2 Bd6 18. Bxd6 Kxd6 19. Bf3 Bd3 20. Rfe1 f5 21. Be2 Bxe2 22. Rxe2 b4 23. f3 (23. gxf5 $15 exf5 24. Nf3) 23... b5 24. e4 $2 (24. cxb4 $17 {was worth a try.} fxg4 25. fxg4) 24... dxe4 25. fxe4 fxg4 26. hxg4 bxa3 27. bxa3 Ra5 {[%emt 0:01:30] [#]} 28. Nf1 (28. a4 $1 $11 ) 28... Rha8 29. e5+ Kd7 30. Rb1 Na7 31. d5 Rxa3 32. Rd1 Nc8 33. Rf2 exd5 34. Rxd5+ Kc6 35. Rd8 Rxc3 36. e6 Rca3 37. Rff8 R3a7 38. Rxc8+ Rxc8 39. Rxc8+ Kd6 40. Rb8 Kxe6 41. Rxb5 Rc7 42. Ne3 c3 43. Nc2 Rd7 44. Rb1 Rd3 45. Re1+ Kd6 46. Re2 Kc5 47. Kf1 Kc4 48. Kf2 g6 49. Ne1 Rd2 50. Nc2 {[%emt 0:01:48] [#]} Kb3 $11 (50... Rxc2 $1 $19 51. Rxc2 Kb3) 51. Ne3 c2 52. Nxc2 Kxc2 53. Rxd2+ Kxd2 54. Kf3 Kd3 55. Kf4 Kd4 56. Kf3 g5 57. Kf2 Ke4 58. Kg3 Ke3 0-1

[Event "TUR-ch Veterans 2019"]
[Site "Belek"]
[Date "2019.01.21"]
[Round "2.9"]
[White "Sezgun, Yakup"]
[Black "Subasi, Zeki"]
[Result "1/2-1/2"]
[ECO "A39"]
[WhiteElo "1757"]
[BlackElo "1707"]
[Annotator "NA"]
[PlyCount "98"]
[EventDate "2019.01.20"]
[EventType "swiss"]
[EventCountry "TUR"]
[SourceTitle "playchess.com"]
[Source "ChessBase"]
[SourceQuality "1"]
[TimeControl "5400+30"]

1. Nf3 Nf6 2. g3 g6 3. Bg2 Bg7 4. O-O O-O 5. c4 c5 6. Nc3 Nc6 7. d4 cxd4 8. Nxd4 a6 9. e3 Qc7 10. b3 Nxd4 11. exd4 d6 12. Bb2 Re8 13. Rc1 Bh6 14. Ra1 Bg4 15. Qc2 Bf5 16. Ne4 Kf8 17. Qe2 Nxe4 18. Bxe4 Bxe4 19. Qxe4 Bg7 20. Rfe1 Rac8 21. Re2 Kg8 22. Rae1 Bf6 23. Qb1 e6 24. d5 Bxb2 25. Qxb2 e5 26. f4 f6 27. fxe5 fxe5 28. Rf1 Rf8 29. Ref2 Qe7 30. Qe2 Rxf2 31. Rxf2 Rf8 32. Qg4 Rxf2 33. Kxf2 Kg7 34. Ke2 h5 35. Qc8 Kf6 36. b4 e4 37. c5 Qf7 38. cxd6 Qxd5 39. d7 Qd3+ 40. Ke1 Qb1+ 41. Kf2 Qxa2+ 42. Ke3 Qb3+ 43. Kxe4 Qxb4+ 44. Kd3 Qb3+ 45. Ke2 Qb2+ 46. Kf1 Qb1+ 47. Kg2 Qa2+ 48. Kh3 Qe6+ 49. Kg2 Qa2+ 1/2-1/2

[Event "TUR-ch Veterans 2019"]
[Site "Belek"]
[Date "2019.01.21"]
[Round "2.11"]
[White "Uzuner, Tufan Can"]
[Black "Alnajih, Mustafa A."]
[Result "1-0"]
[ECO "D05"]
[WhiteElo "1889"]
[BlackElo "1842"]
[Annotator "NA"]
[PlyCount "65"]
[EventDate "2019.01.20"]
[EventType "swiss"]
[EventCountry "TUR"]
[SourceTitle "playchess.com"]
[Source "ChessBase"]
[SourceQuality "1"]
[TimeControl "5400+30"]

1. Nf3 Nf6 2. d4 d5 3. e3 e6 4. Bd3 Nc6 5. O-O {[%emt 0:00:30] D05: Colle System with ...e6} Bd7 (5... Bd6 6. c4 dxc4 7. Bxc4 O-O 8. Nc3 Nd5 9. Ne4 Be7 10. Bd2 h6 11. Rc1 Nb6 12. Bb5 Nb4 {1-0 (35) Sanjur,C (1888)-Balana Romero,R (1900) ICCF email 2016}) 6. Nbd2 g6 $146 ({Predecessor:} 6... Bd6 7. e4 dxe4 8. Nxe4 Nxe4 9. Bxe4 O-O 10. Bxh7+ Kxh7 11. Ng5+ Kg6 12. f4 Ne7 13. Qg4 e5 14. Ne6+ {1-0 (14) Fleischer,M (1768)-Hopp,B (1518) Bad Sooden 2011}) 7. c4 Bg7 8. b3 O-O 9. Bb2 Rc8 10. Rc1 Re8 11. Ne5 Ne7 12. Qe2 Bc6 13. Nxc6 Nxc6 14. cxd5 Nxd5 15. Bb5 Nde7 16. Ba3 e5 17. dxe5 Bxe5 18. Rfd1 Bd6 19. Ne4 Nf5 20. Nxd6 cxd6 21. Qd2 Re5 22. Bxc6 bxc6 23. Bb2 $16 Rd5 24. Qc3 Rxd1+ 25. Rxd1 f6 26. e4 Ng7 27. Qxf6 Qxf6 28. Bxf6 Ne6 29. Rxd6 Kf7 30. e5 Rc7 31. f3 Nc5 32. Kf2 Rd7 33. e6+ 1-0

[Event "TUR-ch Veterans 2019"]
[Site "Belek"]
[Date "2019.01.21"]
[Round "2.12"]
[White "Karadag, Eflatun Cem"]
[Black "Turkmen, Musa"]
[Result "1-0"]
[ECO "E01"]
[WhiteElo "1927"]
[BlackElo "1393"]
[Annotator "NA"]
[PlyCount "65"]
[EventDate "2019.01.20"]
[EventType "swiss"]
[EventCountry "TUR"]
[SourceTitle "playchess.com"]
[Source "ChessBase"]
[SourceQuality "1"]
[TimeControl "5400+30"]

1. d4 d5 2. Nf3 Nf6 3. g3 e6 4. Bg2 c5 5. O-O Nc6 6. c4 cxd4 7. Nxd4 e5 {[%emt 0:00:30] E01: Catalan: Early deviations} (7... Bc5 8. Nb3 Bb6 9. Nc3 d4 10. c5 dxc3 11. cxb6 Qxb6 12. bxc3 O-O 13. Bg5 Qc7 14. Bxf6 gxf6 15. Nd4 Ne5 16. Qb3 Bd7 17. Qxb7 Qxc3 18. Qe4 Rac8 19. Qf4 {½-½ (19) Khalifman,A (2617)-Petursson,M (2487) Puhajarve 2018}) 8. Nxc6 bxc6 9. cxd5 cxd5 10. Bg5 Be6 11. Nc3 e4 12. Qa4+ Qd7 13. Qxd7+ $146 ({Predecessor:} 13. Nb5 Rb8 14. Nc7+ Kd8 15. Nxe6+ fxe6 {1-0 (39) Garcia Dorado,A (2143)-Pascual Palomo,L (2117) Madrid 2017}) 13... Nxd7 14. Rfd1 h6 15. Be3 Nf6 16. Bd4 Be7 17. Rab1 O-O 18. Bxf6 $1 Bxf6 19. Nxd5 Bxd5 20. Rxd5 Rab8 21. b4 Rfe8 22. e3 g6 23. Rd7 a5 24. b5 Bd8 25. Bf1 Re7 26. Rbd1 Rxd7 27. Rxd7 Rc8 28. g4 $18 Bh4 29. b6 Rc1 30. b7 Rb1 31. Kg2 Kg7 32. Bc4 Kf6 33. Bb3 1-0

[Event "TUR-ch Veterans 2019"]
[Site "Belek"]
[Date "2019.01.21"]
[Round "2.13"]
[White "Yuksel, Mustafa"]
[Black "Alkan, Sukru"]
[Result "1-0"]
[ECO "D00"]
[WhiteElo "2031"]
[BlackElo "1484"]
[Annotator "NA"]
[PlyCount "111"]
[EventDate "2019.01.20"]
[EventType "swiss"]
[EventCountry "TUR"]
[SourceTitle "playchess.com"]
[Source "ChessBase"]
[SourceQuality "1"]
[TimeControl "5400+30"]

1. d4 d5 2. Bf4 Bf5 3. e3 e6 4. c4 c6 5. Nc3 Bd6 6. Bxd6 Qxd6 7. Qb3 Qc7 8. Nf3 Nd7 9. Nh4 Bg6 10. cxd5 exd5 11. Rc1 Qb6 12. Nxg6 hxg6 13. Be2 Qxb3 14. axb3 Ngf6 15. b4 $11 a6 16. Na4 Ke7 17. f3 Nh5 18. Kf2 f5 19. Nc5 Nxc5 20. bxc5 Nf6 21. b4 g5 22. Ra1 g6 23. Ra3 Rae8 24. h3 Kf7 25. Re1 Re7 26. Bd3 Rhe8 27. Raa1 Re6 28. g4 f4 29. exf4 Rxe1 30. Rxe1 Rxe1 31. Kxe1 gxf4 32. h4 Ng8 33. g5 Ne7 34. Kf2 Ke6 35. Bf1 Kf7 36. Bh3 Ke8 37. Be6 Kd8 38. Kg2 Kc7 39. Kh3 b6 40. Kg4 a5 41. cxb6+ Kxb6 42. bxa5+ Kxa5 43. Kxf4 Kb4 44. Ke5 c5 45. dxc5 Kxc5 46. f4 d4 47. Bg4 d3 48. h5 gxh5 49. Bxh5 d2 50. f5 Kc4 51. f6 Ng6+ 52. Kf5 Nh4+ 53. Ke6 Kd4 54. f7 Ng6 55. Kf6 Nf8 56. g6 1-0

[Event "TUR-ch Veterans 2019"]
[Site "Belek"]
[Date "2019.01.21"]
[Round "2.14"]
[White "Suzan, Mehmet"]
[Black "Cicek, Cemil"]
[Result "0-1"]
[ECO "D37"]
[WhiteElo "1501"]
[BlackElo "1999"]
[Annotator "NA"]
[PlyCount "126"]
[EventDate "2019.01.20"]
[EventType "swiss"]
[EventCountry "TUR"]
[SourceTitle "playchess.com"]
[Source "ChessBase"]
[SourceQuality "1"]
[TimeControl "5400+30"]

1. d4 d5 2. Nf3 Nf6 3. c4 e6 4. Nc3 Be7 5. h3 c6 {[%emt 0:00:30] D37: Queen's Gambit Declined: 5 Bf4} (5... O-O 6. Bg5 Ne4 7. Bxe7 Qxe7 8. cxd5 Nxc3 9. bxc3 exd5 10. e3 Bf5 11. Qb3 c6 12. Be2 Qc7 13. O-O {1-0 (33) Bozic,M (2412)-Marcetic,N (2389) Kraljevo 2014}) 6. Bg5 dxc4 7. a4 Bd7 $146 ({Predecessor:} 7... Nd5 8. Bxe7 Qxe7 9. e4 Nxc3 10. bxc3 b5 11. Be2 O-O 12. O-O Nd7 13. Re1 Nf6 {0-1 (46) Poruban,E-Petras,K (1953) Slovakia 2005}) 8. e4 b5 9. e5 Nd5 10. Bxe7 Qxe7 11. Ne4 Qb4+ 12. Qd2 Qxd2+ 13. Nfxd2 Na6 14. Nd6+ Ke7 15. axb5 Nab4 16. Rc1 cxb5 17. Be2 f6 18. O-O Rhf8 19. N2e4 Nc6 20. exf6+ gxf6 21. Nxb5 a6 22. Na3 Nxd4 23. Bxc4 Bb5 24. Nxb5 axb5 25. Bxd5 exd5 26. Ng3 Ne6 27. Nf5+ Kf7 28. Nd6+ Kg6 29. Nxb5 Rab8 30. Nc3 d4 31. Nd1 Rfc8 32. Rxc8 Rxc8 33. f3 Rc2 34. b3 Nf4 35. Rf2 d3 36. Ne3 Ne2+ 37. Kh2 Rb2 38. Rf1 Rxb3 39. Rd1 Kg5 40. Rd2 (40. g3 $11) 40... Kf4 41. Nd5+ Ke5 42. Ne3 Kd4 43. Nd1 f5 44. g3 h5 45. Kg2 Nc3 46. Nf2 Nd5 47. g4 h4 $2 (47... Ne3+ 48. Kg3 Nf1+ 49. Kf4 Nxd2 50. gxh5 Nc4 51. Nxd3 Rxd3 52. h4 Ne5 53. Kg5 Rxf3 54. Kf6 Rg3 55. h6 f4 56. h7 Ng6 57. h5 Nh8 58. Kf5 Ke3 59. Ke5 f3 60. Kd6 f2 61. Kc5 f1=Q 62. Kd5 Qa6 63. Kc5 Rg5+ 64. Kb4 Qb6+ 65. Kc4 Rc5#) 48. gxf5 Ne3+ 49. Kh2 Nxf5 50. f4 Ke3 51. Rxd3+ Rxd3 52. Nxd3 Kxd3 53. Kg2 Ke3 54. Kh2 Kxf4 55. Kg2 Ke3 56. Kg1 Kf3 57. Kh2 Kf2 58. Kh1 Kg3 59. Kg1 Kxh3 60. Kh1 Kg3 61. Kg1 h3 62. Kh1 Nd6 63. Kg1 Ne4 0-1

[Event "TUR-ch Veterans 2019"]
[Site "Belek"]
[Date "2019.01.21"]
[Round "2.15"]
[White "Muratoglu, Salih"]
[Black "Emec, Sedat"]
[Result "1-0"]
[ECO "A00"]
[WhiteElo "1950"]
[BlackElo "1358"]
[Annotator "NA"]
[PlyCount "123"]
[EventDate "2019.01.20"]
[EventType "swiss"]
[EventCountry "TUR"]
[SourceTitle "playchess.com"]
[Source "ChessBase"]
[SourceQuality "1"]
[TimeControl "5400+30"]

1. b4 b6 2. Nf3 {[%emt 0:00:30] A00: Irregular Openings} e6 3. Bb2 Nf6 4. a3 Bb7 5. e3 d6 (5... Be7 6. Rg1 O-O 7. g4 c5 8. g5 Ne4 9. h4 cxb4 10. axb4 Bxb4 {0-1 (43) Xiong,J (2652)-Vachier Lagrave,M (2795) chess.com INT 2017}) 6. d4 Be7 7. Bd3 $146 ({Predecessor:} 7. Nbd2 Nbd7 8. Rc1 Rc8 9. Bd3 a6 10. Qe2 Ra8 11. O-O O-O {½-½ (36) Fuchs Bischoff,K (1597)-Brunner,A (1379) Bad Homburg 2016}) 7... Nbd7 8. Nbd2 a6 9. e4 b5 10. O-O O-O 11. Qe2 Nb6 12. Rad1 Na4 13. Ba1 g6 14. Nb3 Rb8 15. Ng5 Nh5 16. Nh3 Ng7 17. f4 f5 18. Rfe1 fxe4 19. Bxe4 Bxe4 20. Qxe4 d5 21. Qe3 Nf5 22. Qxe6+ Kg7 23. g4 Rb6 (23... Bh4 {might work better.} 24. gxf5 Bxe1 25. Rxe1 Rxf5) 24. Qe2 Bh4 25. gxf5 Bxe1 26. Rxe1 Rxf5 27. Nc5 Qh4 28. Qe7+ Qxe7 29. Rxe7+ Rf7 30. Re5 Rd6 31. Ng5 Rff6 32. Re7+ Kf8 33. Rxc7 Ke8 34. Nh3 h5 35. Kf2 Kd8 36. Rg7 Kc8 37. Ke3 Nb6 38. Kd3 Nc4 39. Bc3 Nxa3 40. Be1 Nc4 41. Bh4 Rf5 42. Ra7 Kb8 43. Rg7 Nb2+ 44. Ke2 Rf8 45. Nd7+ Rxd7 46. Rxd7 Re8+ 47. Kf3 Nc4 48. Bf2 Nd2+ 49. Kg2 Rc8 50. Rxd5 $18 Rxc2 51. Rd6 Kb7 52. d5 Rb2 53. Rb6+ Kc7 54. Rxa6 Ne4 55. Rxg6 Rxb4 56. f5 Rb3 57. f6 Rxh3 58. Bg3+ Rxg3+ 59. hxg3 Kd6 60. f7+ Ke7 61. Re6+ Kxf7 62. Rxe4 1-0

[Event "TUR-ch Veterans 2019"]
[Site "Belek"]
[Date "2019.01.21"]
[Round "2.16"]
[White "Atas, Remzi"]
[Black "Topaloglu, Hayati"]
[Result "0-1"]
[ECO "A07"]
[WhiteElo "1477"]
[BlackElo "1740"]
[Annotator "NA"]
[PlyCount "66"]
[EventDate "2019.01.20"]
[EventType "swiss"]
[EventCountry "TUR"]
[SourceTitle "playchess.com"]
[Source "ChessBase"]
[SourceQuality "1"]
[TimeControl "5400+30"]

1. Nf3 Nc6 2. g3 e5 3. d3 d5 4. Bg2 Be6 5. O-O Be7 6. Nbd2 h5 7. h4 f6 8. e4 g5 9. exd5 Bxd5 10. Re1 Qd7 11. Ne4 gxh4 12. Nxh4 O-O-O 13. Ng6 Rh7 14. Nxe7+ Ncxe7 15. Be3 h4 16. Nc5 Qf5 17. g4 Qg6 18. Bxd5 Nxd5 19. Qf3 Rg7 20. Kh2 Qxg4 21. Qxg4+ Rxg4 22. Rg1 Nxe3 23. fxe3 f5 24. Raf1 Nh6 25. Kh3 Rdg8 26. Rxg4 Rxg4 27. e4 f4 28. Nb3 Kd8 29. Nd2 Ke7 30. Nf3 Kf6 31. Nxh4 Rg3+ 32. Kh2 Ng4+ 33. Kh1 Rh3+ 0-1

[Event "TUR-ch Veterans 2019"]
[Site "Belek"]
[Date "2019.01.21"]
[Round "2.17"]
[White "Bapoglu, Ibrahim"]
[Black "Turkucu, Eyup"]
[Result "1-0"]
[ECO "A01"]
[WhiteElo "1549"]
[BlackElo "1214"]
[Annotator "NA"]
[PlyCount "89"]
[EventDate "2019.01.20"]
[EventType "swiss"]
[EventCountry "TUR"]
[SourceTitle "playchess.com"]
[Source "ChessBase"]
[SourceQuality "1"]
[TimeControl "5400+30"]

1. b3 Nf6 2. Bb2 d6 3. e3 Nbd7 4. d4 c6 5. Bd3 e5 6. Nd2 Qc7 7. Ne2 a6 8. O-O c5 9. Ne4 Be7 10. c4 b6 11. Qc2 Bb7 12. d5 Ng4 13. h3 Nh6 14. N2g3 f5 15. Nc3 e4 16. Be2 Nf6 17. f3 exf3 18. Bxf3 Bc8 19. e4 f4 20. Nf5 Nxf5 21. exf5 Bd7 22. Rae1 b5 23. Ne4 O-O-O 24. Ng5 Nxd5 25. Nf7 Ne3 26. Rxe3 fxe3 27. Nxh8 Rxh8 28. Qe4 Kd8 29. Bxg7 Rg8 30. f6 Bc8 31. Qxh7 Be6 32. Qe4 Qd7 33. Qa8+ Qc8 34. fxe7+ Kxe7 35. Qa7+ Qd7 36. Bf6+ Kf8 37. Qb8+ Kf7 38. Bh5+ Rg6 39. Be5+ Bf5 40. Bxg6+ Kxg6 41. Qg8+ Kh5 42. Rxf5+ Qxf5 43. g4+ Kh4 44. gxf5 Kh5 45. Qg4+ 1-0

[Event "TUR-ch Veterans 2019"]
[Site "Belek"]
[Date "2019.01.21"]
[Round "2.18"]
[White "Yilmaz, Huseyin"]
[Black "Buyukgokcesu, Tahir Sami"]
[Result "0-1"]
[ECO "A55"]
[WhiteElo "1321"]
[BlackElo "1557"]
[Annotator "NA"]
[PlyCount "92"]
[EventDate "2019.01.20"]
[EventType "swiss"]
[EventCountry "TUR"]
[SourceTitle "playchess.com"]
[Source "ChessBase"]
[SourceQuality "1"]
[TimeControl "5400+30"]

1. d4 Nf6 2. c4 d6 3. Nc3 Nbd7 4. e4 c6 5. Nf3 e5 6. d5 c5 7. Bg5 Be7 8. Be2 Nf8 9. O-O Ng6 10. Nd2 O-O 11. h4 Nd7 12. Bxe7 Qxe7 13. g3 h6 14. h5 Nh8 15. f4 a6 16. f5 Rb8 17. Nf3 f6 18. Nh4 Rd8 19. a4 Nf8 20. Qd3 Nf7 21. Nf3 Bd7 22. Nd1 b5 23. axb5 axb5 24. b3 Rb7 25. Ne3 Rdb8 26. Rfb1 Be8 27. Ng2 Ng5 28. Nxg5 fxg5 29. Qf3 Nh7 30. Ne3 Nf6 31. g4 Ra7 32. Nc2 bxc4 33. Rxa7 Qxa7 34. Ra1 Qb6 35. Bxc4 Bb5 36. Ne3 Kf8 37. Bxb5 Qxb5 38. Nc4 Ke7 39. Ra7+ Rb7 40. Kg2 Qa6 41. Kg3 Qa1 42. Ne3 Qb1 43. Qe2 Qxe4 44. Kf2 Qd4 45. Qa6 Qd2+ 46. Kf3 e4+ 0-1

[Event "TUR-ch Veterans 2019"]
[Site "Belek"]
[Date "2019.01.21"]
[Round "2.19"]
[White "Altin, Halis"]
[Black "Savas, Kemal"]
[Result "1-0"]
[ECO "B84"]
[WhiteElo "1642"]
[BlackElo "1316"]
[Annotator "NA"]
[PlyCount "60"]
[EventDate "2019.01.20"]
[EventType "swiss"]
[EventCountry "TUR"]
[SourceTitle "playchess.com"]
[Source "ChessBase"]
[SourceQuality "1"]
[TimeControl "5400+30"]

1. e4 c5 2. Nf3 d6 3. d4 cxd4 4. Nxd4 Nf6 5. Nc3 a6 6. Be2 Qc7 7. Bg5 Nbd7 8. O-O e6 9. Kh1 Be7 10. f4 O-O 11. Rc1 b5 12. a3 Bb7 13. Bf3 Rfd8 14. Qe1 h6 15. Bh4 Nf8 16. Qg3 Ng6 17. Nxe6 Qd7 18. Nxd8 Rxd8 19. Bxf6 Bxf6 20. Bg4 Qe7 21. Bf5 Nh4 22. Bg4 Bxc3 23. Qxc3 Bxe4 24. Bf3 Nxf3 25. gxf3 Bb7 26. Rg1 g6 27. Rce1 Qd7 28. Rg3 Rc8 29. Qd3 Kh7 30. Reg1 Rg8 1-0

[Event "TUR-ch Veterans 2019"]
[Site "Belek"]
[Date "2019.01.21"]
[Round "2.20"]
[White "Ersoz, Celalettin"]
[Black "Sahin, Ali Haydar"]
[Result "1/2-1/2"]
[ECO "D15"]
[WhiteElo "1261"]
[BlackElo "1411"]
[Annotator "NA"]
[PlyCount "125"]
[EventDate "2019.01.20"]
[EventType "swiss"]
[EventCountry "TUR"]
[SourceTitle "playchess.com"]
[Source "ChessBase"]
[SourceQuality "1"]
[TimeControl "5400+30"]

1. d4 d5 2. c4 c6 3. Nc3 Nf6 4. Nf3 dxc4 5. g3 Bf5 6. Bg2 b5 7. O-O e6 8. Bg5 h6 9. Bf4 Bd6 10. Bxd6 Qxd6 11. Ne5 Ng4 12. Nxb5 cxb5 13. Nxg4 Nc6 14. Ne5 Rc8 15. Nxc6 Rxc6 16. Bxc6+ Qxc6 17. f3 O-O 18. e4 Bg6 19. Rf2 f5 20. e5 f4 21. g4 Bd3 22. Qd2 g5 23. Qb4 Rf7 24. Qd6 Qxd6 25. exd6 Rd7 26. Re1 Rxd6 27. Re5 a6 28. h4 Kf7 29. hxg5 hxg5 30. Rxg5 Rxd4 31. Rc5 Rd6 32. Rh2 Bb1 33. Rc7+ Kg6 34. Rh8 Kf6 35. Rh6+ Bg6 36. Rc5 Rd5 37. Rc6 Rd1+ 38. Kf2 Rd2+ 39. Ke1 Rxb2 40. Rxa6 c3 41. Rxg6+ Kxg6 42. Rxe6+ Kg5 43. Kd1 Rxa2 44. Re5+ Kh4 45. Rxb5 Rf2 46. Rh5+ Kg3 47. g5 Kxf3 48. Rh3+ Kg4 49. Rxc3 Kxg5 50. Ke1 Ra2 51. Kf1 Kg4 52. Rb3 f3 53. Rb8 Ra5 54. Rg8+ Rg5 55. Rxg5+ Kxg5 56. Kf2 Kf4 57. Kf1 Kg3 58. Kg1 Kg4 59. Kf2 Kf4 60. Kf1 Kf5 61. Kf2 Ke4 62. Kf1 Ke3 63. Ke1 1/2-1/2

[Event "TUR-ch Veterans 2019"]
[Site "Belek"]
[Date "2019.01.22"]
[Round "3.1"]
[White "Buker, Muhittin"]
[Black "Uzuner, Tufan Can"]
[Result "1/2-1/2"]
[ECO "D13"]
[WhiteElo "1978"]
[BlackElo "1889"]
[Annotator "NA"]
[PlyCount "79"]
[EventDate "2019.01.20"]
[EventType "swiss"]
[EventCountry "TUR"]
[SourceTitle "playchess.com"]
[Source "ChessBase"]
[SourceQuality "1"]
[TimeControl "5400+30"]

1. d4 d5 2. Nf3 Nf6 3. c4 c6 4. Nc3 a6 5. cxd5 cxd5 6. Bf4 Nc6 7. e3 Bf5 8. Bd3 Bxd3 9. Qxd3 e6 10. O-O Be7 11. Rac1 Nd7 12. Rfd1 g5 13. Bg3 h5 14. Be5 Rh6 15. h3 g4 16. Bf4 Rg6 17. hxg4 hxg4 18. Ne5 Ndxe5 19. dxe5 Qb8 20. e4 Nxe5 21. Qg3 Bd6 22. Kf1 Nc4 23. Bxd6 Qxd6 24. Qxd6 Nxd6 25. exd5 e5 26. Re1 f6 27. Ne4 Rd8 28. Nxd6+ Rxd6 29. Rc8+ Ke7 30. Rb8 Rd7 31. Re3 Kd6 32. Rb3 Rgg7 33. Rb6+ Kxd5 34. Rxf6 Rc7 35. Rd8+ Ke4 36. Rd2 Rcf7 37. Re2+ Kd5 38. Rd2+ Ke4 39. Re2+ Kd5 40. Rd2+ 1/2-1/2

[Event "TUR-ch Veterans 2019"]
[Site "Belek"]
[Date "2019.01.22"]
[Round "3.2"]
[White "Aysoy, Veysi"]
[Black "Guner, Bulent"]
[Result "1/2-1/2"]
[ECO "C45"]
[WhiteElo "1933"]
[BlackElo "1987"]
[Annotator "NA"]
[PlyCount "64"]
[EventDate "2019.01.20"]
[EventType "swiss"]
[EventCountry "TUR"]
[SourceTitle "playchess.com"]
[Source "ChessBase"]
[SourceQuality "1"]
[TimeControl "5400+30"]

1. e4 e5 2. Nf3 Nc6 3. d4 exd4 4. Nxd4 Nf6 5. Nxc6 bxc6 6. e5 Qe7 7. Qe2 Nd5 8. c4 Ba6 9. b3 g6 10. f4 Bg7 11. Qf2 Nf6 12. Be2 Ne4 13. Qe3 f5 14. O-O O-O 15. Ba3 d6 16. Nd2 Nf6 17. Bf3 Bb7 18. Qd3 Ne8 19. Rfe1 Qf7 20. Rad1 Rb8 21. Nb1 g5 22. exd6 Nxd6 23. Bxd6 cxd6 24. Qxd6 gxf4 25. Qxf4 c5 26. Bd5 Bxd5 27. Rxd5 Bd4+ 28. Kh1 Rbe8 29. Rf1 Re2 30. Qf3 Re3 31. Qf4 Re2 32. Qf3 Re3 1/2-1/2